 Dungeon Crawl Stone Soup version 0.20-a0-309-gcba9277 (webtiles) character file.

2774 Junicave the Digger (level 9, -10/52 HPs)
             Began as a Gargoyle Earth Elementalist on Dec 18, 2016.
             Was a Believer of Vehumet.
             Killed from afar by Dowan (21 damage)
             ... with a shard of ice
             ... on level 7 of the Dungeon.
             The game lasted 00:36:14 (12707 turns).

Junicave the Digger (Gargoyle Earth Elementalist)  Turns: 12707, Time: 00:36:15

Health: -10/52     AC:  9    Str: 11    XL:     9   Next: 70%
Magic:  1/18       EV: 12    Int: 20    God:    Vehumet [**....]
Gold:   396        SH:  0    Dex: 10    Spells: 10/21 levels left

rFire  . . .     SeeInvis .     F - +12 glaive of Prune {chop}
rCold  . . .     Gourm    .     c - +0 robe
rNeg   + . .     Faith    .     (shield currently unavailable)
rPois  ∞         Spirit   .     (no helmet)
rElec  +         Reflect  .     u - +0 cloak
rCorr  .         Harm     .     (no gloves)
MR     +....                    (no boots)
Stlth  ++........               (no amulet)
                                (no ring)
                                v - ring of protection from magic

@: no status effects
A: negative energy resistance 1, electricity resistance, unbreathing,
petrification resistance, rot immunity, AC +5
a: Renounce Religion


You were on level 7 of the Dungeon.
You worshipped Vehumet.
Vehumet was pleased with you.
You were hungry.

You visited 1 branch of the dungeon, and saw 7 of its levels.

You collected 396 gold pieces.

Inventory:

Hand Weapons
 g - the +11 flail "Wazuyss" {flame, Int+7, unknown}
   (You took it off Edmund on level 5 of the Dungeon)

   It has been specially enchanted to burn those struck by it, causing extra
   injury to most foes and up to half again as much damage against particularly
   susceptible opponents.
   It affects your intelligence (+7).
 E - a +2 flail of crushing
 F - the +12 glaive of Prune (weapon) {chop}
   (You took it off an orc on level 5 of the Dungeon)

   It inflicts extra damage upon your enemies.
 G - a cursed -2 flail
Missiles
 b - 132 stones (quivered)
Armour
 c - a +0 robe (worn)
 u - a +0 cloak (worn)
 y - a +2 buckler
Jewellery
 v - a ring of protection from magic (left hand)
Wands
 C - a wand of lightning (10/15)
Scrolls
 h - 4 scrolls of remove curse {unknown}
 j - 8 scrolls of identify {unknown}
 m - a scroll of teleportation {unknown}
 p - 2 scrolls of noise {unknown}
 q - a scroll of immolation {unknown}
 t - a scroll of recharging {unknown}
 x - 2 scrolls of amnesia {unknown}
 B - 2 scrolls of fear {unknown}
 H - a scroll of magic mapping {unknown}
Potions
 a - a potion of heal wounds {unknown}
 f - a potion of cancellation {unknown}
 i - a potion of brilliance {unknown}
 k - 2 potions of flight {unknown}
 n - 2 potions of resistance {unknown}
 r - a potion of degeneration {unknown}
 w - 2 potions of curing {unknown}
 D - 2 potions of agility
Books
 e - a book of Geomancy

   Spells                             Type                      Level
   a - Sandblast                      Earth                        1
   b - Passwall                       Transmutation/Earth          2
   c - Stone Arrow                    Conjuration/Earth            3
   d - Petrify                        Transmutation/Earth          4
   e - Lee's Rapid Deconstruction     Earth                        5
 z - a book of Misfortune

   Spells                             Type                      Level
   a - Confusing Touch                Hexes                        1
   b - Confuse                        Hexes                        3
   c - Gell's Gravitas                Hexes/Translocation          3
   d - Petrify                        Transmutation/Earth          4
   e - Metabolic Englaciation         Hexes/Ice                    5
   f - Yara's Violent Unravelling     Hexes/Transmutation          5
 A - Sif Muna's Guide on the Frostbite
   (You found it on level 6 of the Dungeon)

   Spells                             Type                      Level
   a - Freeze                         Ice                          1
Comestibles
 d - 8 bread rations
 l - 5 meat rations
 o - 5 chunks of flesh
 s - 2 fruits
 I - a slice of pizza


   Skills:
 + Level 4.0 Fighting
 + Level 4.0 Maces & Flails
 - Level 5.0 Armour
 + Level 1.9 Dodging
 - Level 2.1 Stealth
 + Level 4.2 Shields
 * Level 6.5 Spellcasting
 + Level 4.4 Conjurations
   Level 0.7 Transmutations
 + Level 6.9 Earth Magic
 + Level 1.4 Evocations


You had 10 spell levels left.
You knew the following spells:

 Your Spells              Type           Power        Failure   Level  Hunger
a - Sandblast             Erth           ####..       1%          1    None
b - Stone Arrow           Conj/Erth      ####..       3%          3    #......
c - Lee's Rapid Deconstr  Erth           ####......   17%         5    #####..
d - Throw Flame           Conj/Fire      ###...       10%         2    None


Dungeon Overview and Level Annotations

Branches:
Dungeon (7/15)
 Temple: D:4-7

Altars:
Elyvilon
Fedhas
Nemelex Xobeh
Sif Muna
Vehumet
Yredelemnul

Shops:
D:5 (

Annotations:
D:7 Dowan


Innate Abilities, Weirdness & Mutations

You are resistant to torment.
Your stone body is resilient. (AC +5)
You are immune to poison.
You resist negative energy. (rN+)
You are resistant to electric shocks. (rElec)
You can survive without breathing.
You are immune to petrification.
You are immune to rotting.


Message History

Casting: Stone Arrow
Confirm with . or Enter, or press ? or * to list all spells.
Aiming: Stone Arrow
Press: ? - help, Shift-Dir - straight line, f/p - Dowan
Aim: Dowan, wielding a dagger of draining and wearing a glowing robe (heavily wounded, fast, unusually agile)
The stone arrow misses Dowan.
The stone arrow hits the crimson imp.
The crimson imp is heavily wounded.
Dowan hits you but does no damage. Dowan barely misses you.
Casting: Stone Arrow
Confirm with . or Enter, or press ? or * to list all spells.
Aiming: Stone Arrow
Press: ? - help, Shift-Dir - straight line, f/p - Dowan
Aim: Dowan, wielding a dagger of draining and wearing a glowing robe (heavily wounded, fast, unusually agile)
The stone arrow misses Dowan.
The stone arrow hits the crimson imp.
You kill the crimson imp!
Vehumet accepts your kill.
You feel your power returning. Dowan hits you but does no damage.
Dowan casts a spell at you. The shard of ice hits you!
You die...

##.#####.# #.# #.(.)...#
#.# ######### #.# #.# #
#.# ####### #.# #......
##### ####.# #......
#...#######....###.###..
#....)e@................
#...#######.....##.###..
##.## ##..)..#...... #.#
##...##...... #.#
##.######### #.# #.# #e#
#.# #.# ##+## #.#
##...##


You could see Dowan.

Vanquished Creatures
  A troll (D:6)
  Sigmund (D:2)
  Eustachio (D:5)
  Menkaure (D:5)
  Edmund (D:5)
  Duvessa (D:7)
  A black bear (D:6)
  An ice beast (D:3)
  A phantom (D:6)
  A necrophage (D:6)
  3 ogres
  A centaur (D:7)
  A bullfrog (D:6)
  A water moccasin zombie (D:5)
  A scorpion (D:5)
  3 howler monkeys
  5 crimson imps
  A hound (D:4)
  2 jellies
  6 orc wizards
  2 iguanas
  2 orc priests (D:7)
  A centaur skeleton (D:5)
  7 worker ants
  A hound zombie (D:5)
  8 adders
  A shadow imp (D:7)
  An ooze (D:6)
  4 worms
  2 dart slugs
  8 leopard geckos
  17 orcs
  7 bats
  5 giant cockroaches
  4 goblins
  4 hobgoblins (D:2)
  20 jackals
  4 quokkas
  7 frilled lizards
  2 giant cockroach zombies
  5 kobolds
  2 leopard gecko skeletons (D:4)
  A leopard gecko zombie (D:5)
  12 rats
161 creatures vanquished.

Vanquished Creatures (others)
  An adder (D:3)
  A giant cockroach (D:3)
  A kobold (D:3)
3 creatures vanquished.

Grand Total: 164 creatures vanquished

Notes
Turn   | Place    | Note
-------+----------+-------------------------------------------
     0 | D:1      | Junicave the Gargoyle Earth Elementalist began the quest for the Orb.
     0 | D:1      | Reached XP level 1. HP: 10/10 MP: 3/3
   245 | D:1      | Reached XP level 2. HP: 15/15 MP: 1/5
  1115 | D:1      | Reached XP level 3. HP: 19/19 MP: 4/7
  1121 | D:1      | Learned a level 3 spell: Stone Arrow
  1458 | D:2      | Noticed Sigmund
  2059 | D:2      | Found a sparkling altar of Nemelex Xobeh.
  2203 | D:2      | Reached XP level 4. HP: 24/24 MP: 7/9
  2551 | D:3      | Found a radiant altar of Vehumet.
  3289 | D:3      | Found a radiant altar of Vehumet.
  3387 | D:3      | Became a worshipper of Vehumet
  3913 | D:4      | Reached skill level 1 in Conjurations
  3978 | D:4      | Noticed an ice beast
  4177 | D:3      | Killed an ice beast
  4177 | D:3      | Reached skill level 1 in Fighting
  4177 | D:3      | Reached skill level 1 in Shields
  4177 | D:3      | Reached skill level 5 in Earth Magic
  4177 | D:3      | Reached XP level 5. HP: 29/29 MP: 0/11
  4303 | D:4      | Reached XP level 6. HP: 25/34 MP: 4/12
  4633 | D:4      | Reached skill level 1 in Maces & Flails
  5237 | D:3      | Found a radiant altar of Vehumet.
  5984 | D:4      | Reached XP level 7. HP: 37/38 MP: 7/13
  6222 | D:4      | Learned a level 5 spell: Lee's Rapid Deconstruction
  6943 | D:5      | Entered Level 5 of the Dungeon
  6948 | D:5      | Noticed Menkaure
  7050 | D:5      | Found Oritel's Antique Weapon Shoppe.
  7237 | D:5      | Reached skill level 1 in Armour
  7357 | D:5      | Reached * piety under Vehumet
  7357 | D:5      | Offered knowledge of Magic Dart by Vehumet.
  7753 | D:5      | Found a white marble altar of Elyvilon.
  7840 | D:5      | Noticed Eustachio
  7855 | D:5      | Killed Eustachio
  7855 | D:5      | Reached skill level 5 in Spellcasting
  7855 | D:5      | Reached XP level 8. HP: 36/44 MP: 11/15
  8000 | D:5      | Killed Menkaure
  8279 | D:5      | Noticed Edmund
  8288 | D:5      | Killed Edmund
  8290 | D:5      | Got a warped flail {flame}
  8466 | D:5      | Found Oritel's Antique Weapon Shoppe.
  8776 | D:5      | Found a white marble altar of Elyvilon.
  9343 | D:2      | Killed Sigmund
  9841 | D:2      | Found a sparkling altar of Nemelex Xobeh.
 10242 | D:2      | Found a sparkling altar of Nemelex Xobeh.
 10890 | D:6      | Found a basalt altar of Yredelemnul.
 10952 | D:6      | Reached XP level 9. HP: 51/51 MP: 17/17
 10967 | D:6      | Noticed a troll
 10982 | D:6      | Killed a troll
 11188 | D:6      | Reached ** piety under Vehumet
 11373 | D:6      | Offered knowledge of Throw Flame by Vehumet.
 11377 | D:6      | Learned a level 2 spell: Throw Flame
 11392 | D:6      | Found a deep blue altar of Sif Muna.
 11407 | D:6      | Reached skill level 1 in Evocations
 11413 | D:6      | Identified Sif Muna's Guide on the Frostbite
 12055 | D:6      | Reached skill level 5 in Armour
 12153 | D:6      | Found a deep blue altar of Sif Muna.
 12304 | D:6      | Found a basalt altar of Yredelemnul.
 12596 | D:7      | Found a blossoming altar of Fedhas.
 12682 | D:7      | Noticed Dowan
 12684 | D:7      | Noticed Duvessa
 12702 | D:7      | Killed Duvessa
 12702 | D:7      | Offered knowledge of Conjure Flame by Vehumet.
 12707 | D:7      | Killed from afar by Dowan

Vault maps used:
D:1:      evilmike_arrival_crescent, minmay_misc_feat_chi
D:2:      hangedman_decor_clover_reticule, nemelex_spade_bored_becter,
          uniq_sigmund
D:3:      fiery_altar_vehumet, first_bread
D:5:      nicolae_overflow_crystal_walls, serial_shops,
          nicolae_shop_behind_doors, uniq_edmund, uniq_menkaure, uniq_eustachio
D:6:      led_sif_book, kennysheep_little_box
D:7:      fedhas_altar_1, uniq_duvessa, uniq_joseph

Skill      XL: |  1  2  3  4  5  6  7  8  9 |
---------------+----------------------------+-----
Earth Magic    | 4 5 6 |  6.9
Spellcasting   | 3 4 5 6 |  6.5
Conjurations   | 1 2 3 4 |  4.4
Fighting       | 1 2 3 4 |  4.0
Shields        | 1 2 3 4 |  4.2
Maces & Flails | 2 3 4 |  4.0
Armour         | 2 4 5 |  5.0
Evocations     | 1 |  1.4
Dodging        | |  1.9
Stealth        | |  2.1
Transmutations | |  0.7

Action                   |  1- 3 |  4- 6 |  7- 9 || total
-------------------------+-------+-------+-------++-------
Melee: Short sword       |    62 |    40 |       ||   102
       Unarmed           |     3 |       |       ||     3
       Flail             |       |     9 |    37 ||    46
       Glaive            |       |       |   146 ||   146
 Cast: Sandblast         |    53 |    65 |    12 ||   130
       Stone Arrow       |       |    19 |    34 ||    53
       Lee's Rapid Decon |       |       |     4 ||     4
       Throw Flame       |       |       |     3 ||     3
 Stab: Sleeping          |     1 |       |     5 ||     6
  Eat: Chunk             |     4 |    11 |    21 ||    36
       Pizza             |       |     1 |     1 ||     2
       Beef jerky        |       |       |     1 ||     1
Armor: Robe              |    22 |    32 |    84 ||   138
Dodge: Dodged            |    70 |    54 |   102 ||   226
Block: Buckler           |       |    21 |    10 ||    31
